 Dungeon Crawl Stone Soup version 0.31-a0-1388-g4b2ba238e7 (webtiles) character file.

Game seed: 3340057669038796360

73 BigPumpCobain the Changeling (level 4, 0/48 HPs)
             Began as a Merfolk Shapeshifter on Dec 25, 2023.
             Slain by a goblin
             ... wielding a +0 club
             ... led by Robin
              (4 damage)
             ... on level 2 of the Dungeon.
             The game lasted 00:03:16 (1440 turns).

BigPumpCobain the Changeling (Merfolk Shapeshifter) Turns: 1440, Time: 00:03:17

Health: 0/48       AC: 22    Str: 16    XL:     4   Next: 27%
Magic:  4/4        EV:  2    Int: 15    God:
Gold:   58         SH:  0    Dex: 13    Spells: 3/3 levels left

rFire   . . .        h - +1 short sword (venom)
rCold   . . .        (no shield)
rNeg    . . .        a - melded +0 animal skin
rPois   +            (helmet currently unavailable)
rElec   .            (cloak currently unavailable)
rCorr   .            (gloves currently unavailable)
SInv    .            (boots currently unavailable)
Will    .....        l - amulet of regeneration
Stlth   +            f - ring of poison resistance
HPRegen 1.08/turn    g - +6 ring of intelligence
MPRegen 0.09/turn

%: no passive effects
@: brilliant, tree-form, invisible
A: stationary, stasis, torment immunity, boosted hp, (nimble swimmer 2),
(mertail)
a: no special abilities


You were on level 2 of the Dungeon.
You were a tree.
You visited 1 branch of the dungeon, and saw 2 of its levels.

You collected 58 gold pieces.

Inventory:

Hand Weapons
 h - a +1 short sword of venom (weapon)
Armour
 a - a +0 animal skin (melded)
Jewellery
 f - a ring of poison resistance (left branch)
 g - a +6 ring of intelligence (right branch)
 k - an amulet of reflection
 l - an amulet of regeneration (around neck)
Talismans
 c - a beast talisman
 d - a flux talisman
Scrolls
 i - a scroll of identify {unknown}
 j - 2 scrolls of immolation {unknown}
 m - a scroll of vulnerability {unknown}
 p - a scroll of enchant armour {unknown}
 q - a scroll of blinking {unknown}


   Skills:
 - Level 1.1 Fighting
 - Level 2.6 Dodging
 + Level 4.1 Unarmed Combat
 * Level 5.6 Shapeshifting


You had 3 spell levels left.
You didn't know any spells.
Your spell library was empty.

Dungeon Overview and Level Annotations

Branches:
Dungeon (2/15)

Altars:

Annotations:
D:2 Robin


Innate Abilities, Weirdness & Mutations

You are a tree.
Your roots penetrate the ground, keeping you stationary.
You cannot be teleported.
You are immune to unholy pain and torment.
Your maximum health is greatly increased.
Your equipment is partially melded.
((You are very nimble when in or above water. (Stealth+, EV+, Speed+++)))
((Your lower body shifts to a powerful aquatic tail in water.))


Message History

* * * LOW HITPOINT WARNING * * *
The goblin hits you but does no damage.
Robin hits you from afar with a +0 spear.
* * * LOW HITPOINT WARNING * * *
The goblin hits you but does no damage.
You hit the ball python.
You kill the ball python!
The goblin hits you but does no damage. x4; The goblin barely misses you.
The goblin hits you but does no damage.
You closely miss the hobgoblin.
The goblin hits you but does no damage. x3
The goblin barely misses you. The goblin hits you but does no damage.
The hobgoblin completely misses you. The goblin hits you but does no damage.
You aren't carrying any items that you can evoke.
It was a potion of invisibility.
You fade into invisibility!
The goblin hits you with a +0 club.
* * * LOW HITPOINT WARNING * * *
The goblin barely misses you. The goblin hits you but does no damage.
The goblin hits you with a +0 dagger.
* * * LOW HITPOINT WARNING * * *
The goblin hits you but does no damage.
The hobgoblin hits you but does no damage.
Robin hits you but does no damage. The goblin hits you but does no damage.
It was a potion of brilliance.
You feel clever all of a sudden.
The goblin hits you but does no damage. x5
The hobgoblin hits you but does no damage.
Robin hits you but does no damage. The goblin hits you but does no damage.
It was a potion of magic.
Magic courses through your body. The goblin hits you with a +0 club.
* * * LOW HITPOINT WARNING * * *
The goblin hits you but does no damage. x3; The goblin hits you with a +0 club.
* * * LOW HITPOINT WARNING * * *
The hobgoblin hits you but does no damage.
Robin hits you from afar with a +0 spear.
* * * LOW HITPOINT WARNING * * *
The goblin hits you but does no damage.
You hit the goblin but do no damage.
The goblin is poisoned.
The goblin hits you but does no damage. The goblin hits you with a +0 club.
You die...

###.# ###
####...# ###
#......# ##...
#......#
.P..~###....## .
##.P~~#......#~~
..P~~≈........≈≈
..~~~~#ggg...#~≈
P.~~.###♣g..###.~
#.~~≈ #ggg...# ≈~
P..~ ~.gJ.....~≈
..P~≈~#......#~≈
[.~~.###....## .
P~~~ ...... ~~~
....... P~
......#~


You could see Robin (unable to see you), an endoplasm, a hobgoblin (strong,
unable to see you) and 6 goblins.

Vanquished Creatures
  An adder (D:2)
  2 dart slugs
  A worm (D:2)
  4 bats
  5 endoplasms
  2 giant cockroaches
  4 goblins
  7 hobgoblins
  4 jackals (D:1)
  5 quokkas
  4 ball pythons
  2 frilled lizards (D:2)
  6 kobolds
  6 rats
53 creatures vanquished.

Notes
Turn   | Place    | Note
-------+----------+-------------------------------------------
     0 | D:1      | BigPumpCobain the Merfolk Shapeshifter began the quest for
                  | the Orb.
     0 | D:1      | Reached XP level 1. HP: 15/15 MP: 1/1
    32 | D:1      | Reached XP level 2. HP: 19/21 MP: 2/2
   248 | D:1      | Found a faded altar of an unknown god.
   270 | D:1      | Reached XP level 3. HP: 26/26 MP: 3/3
   347 | D:1      | Reached skill level 5 in Shapeshifting
  1062 | D:2      | Reached XP level 4. HP: 32/32 MP: 4/4
  1422 | D:2      | Noticed Robin
  1440 | D:2      | Slain by a goblin

Illustrated notes

Levels and vault maps discovered:
D:1:      shiori_arrival_maze, layout_loops_ring,
          shapermc_ecumenical_altar_pompeii
D:2:      wad_lake_hut, layout_basic, uniq_robin

Skill      XL: |  1  2  3 |
---------------+----------+-----
Shapeshifting  | 5 |  5.6
Unarmed Combat | 4 |  4.1
Fighting       | |  1.1
Dodging        | |  2.6

Action                     |  1- 3 |  4- 6 || total
---------------------------+-------+-------++-------
  Melee: Unarmed           |    24 |       ||    24
         Punch             |     2 |       ||     2
         Short sword       |    63 |    32 ||    95
    Use: Potion            |       |     4 ||     4
   Stab: Sleeping          |     2 |       ||     2
 Armour: Animal skin       |    34 |    32 ||    66
         Skin              |       |    68 ||    68
  Dodge: Dodged            |    41 |    30 ||    71
  Block: Other             |     1 |       ||     1

Table legend: (Time is in decaauts)
 A = Elapsed time spent in this place.
 B = Non-inter-level travel time spent in this place.
 C = Inter-level travel time spent in this place.
 D = Time resting spent in this place.
 E = Time spent auto-exploring this place.
 F = Levels seen in this place.
 G = Mean time per level.
                   A        B        C        D        E       F      G
               +--------+--------+--------+--------+--------+-----+--------+
         Total |   1436 |   1400 |     36 |      0 |   1112 |   2 |  718.0 |
       Dungeon |   1436 |   1400 |     36 |      0 |   1112 |   2 |  718.0 |
               +--------+--------+--------+--------+--------+-----+--------+

Top non-repeatable levels by time:
     D:1: 874 daAuts
     D:2: 561 daAuts
